 Dungeon Crawl Stone Soup version 0.26-a0-757-g626ac9e51a (webtiles) character file.

Game seed: 16145752478072067909

9 mg7810 the Sneak (level 2, 0/24 HPs)
             Began as a Human Delver on Nov 7, 2020.
             Was an Initiate of Yredelemnul.
             Slain by an orc
             ... wielding a +0 whip
              (3 damage)
             ... on level 3 of the Dungeon.
             The game lasted 00:03:01 (257 turns).

mg7810 the Sneak (Human Delver)                      Turns: 257, Time: 00:03:03

Health: 0/24       AC:  3    Str: 12    XL:     2   Next: 20%
Magic:  2/2        EV: 12    Int: 10    God:    Yredelemnul [......]
Gold:   50         SH:  0    Dex: 14    Spells: 1/1 levels left

rFire    . . .     SeeInvis .   a - +0 hand axe
rCold    . . .     Faith    .   (no shield)
rNeg     . . .     Spirit   .   b - +0 leather armour
rPois    .         Reflect  .   (no helmet)
rElec    .         Harm     .   (no cloak)
rCorr    .         Rampage  .   (no gloves)
MR       .....                  (no boots)
Stlth    +++.......             (no amulet)
HPRegen  0.08/turn              (no ring)
MPRegen  0.08/turn              (no ring)

@: no status effects
A: no striking features
a: Renounce Religion


You were on level 3 of the Dungeon.
You worshipped Yredelemnul.
Yredelemnul was noncommittal.
You visited 1 branch of the dungeon, and saw 3 of its levels.

You collected 50 gold pieces.

Inventory:

Hand Weapons
 a - a +0 hand axe (weapon)
Armour
 b - a +0 leather armour (worn)
 i - a cursed +0 scale mail
Jewellery
 f - an uncursed ring of protection from fire {unknown}
Wands
 g - a wand of digging (3)
 h - a wand of random effects (15)
 j - a wand of disintegration (7)
Scrolls
 c - a scroll of fog
 d - a scroll of magic mapping
 e - a scroll of fear


   Skills:
 + Level 3.0 Fighting
 + Level 2.1 Axes
 + Level 2.0 Dodging
 + Level 5.1 Stealth
 * Level 0.8 Invocations
 * Level 0.3 Evocations


You had one spell level left.
You didn't know any spells.
Your spell library was empty.

Dungeon Overview and Level Annotations

Branches:
Dungeon (5/15)
 Temple: D:4-7

Altars:
Yredelemnul


Message History

You hit the orc.
The orc is severely wounded.
The orc hits you with a +0 mace.
* * * LOW HITPOINT WARNING * * *
You aren't carrying any potions.
Evoke which item? (* to show all) (? for menu, Esc to quit)
Aiming: Disintegrate
Press: ? - help, Shift-Dir - straight line, f - orc
Aim: an orc, wielding a +0 mace and wearing a +0 leather armour (severely wounded, chance to defeat MR: 80%)
The orc is blasted!!
You blow up the orc!
Yredelemnul accepts your kill.
Evoke which item? (* to show all) (? for menu, Esc to quit)
Press: ? - help, Shift-Dir - straight line, f - hobgoblin
Aim: a hobgoblin, wielding a +0 club The orc flickers and vanishes!
Deactivating autopickup; reactivate with Ctrl-A.
Something hits you.
You die...
Your body rises from the dead as a mindless zombie.

... ###. #..
#.... #.#
##..o.. #.#
....... #.#
...<.>. #.#
##.o..... #.#
#..o$$... #@#
##.#
#{#######..#
###g...g..o.##
###....########
#...#.##
#.###.# #.###.#
#.....#
####).####


You could see a hobgoblin.

Vanquished Creatures
  An ooze (D:3)
  An orc (D:3)
  A bat (D:3)
  A frilled lizard (D:3)
  A kobold (D:3)
5 creatures vanquished.

Notes
Turn   | Place    | Note
-------+----------+-------------------------------------------
     0 | D:5      | mg7810 the Human Delver began the quest for the Orb.
     0 | D:5      | Reached XP level 1. HP: 18/18 MP: 1/1
    11 | D:5      | Noticed an ogre
    65 | D:5      | Found a basalt altar of Yredelemnul.
    68 | D:5      | Noticed a worker ant
    72 | D:5      | Became a worshipper of Yredelemnul the Dark
   115 | D:5      | Noticed an ogre
   153 | D:3      | Noticed an orc priest
   153 | D:3      | Noticed an orc priest
   203 | D:3      | Reached XP level 2. HP: 20/24 MP: 2/2
   257 | D:3      | Slain by an orc

Illustrated notes

Levels and vault maps discovered:
D:3:      layout_rooms, minmay_overflow_temple_star_hex
D:4:      layout_rooms, kennysheep_generic_room_4, uniq_ijyb
D:5:      layout_basic, nicolae_overflow_crystal_walls, lemuel_blue_sif_altar

Action                   || total
-------------------------++-------
Melee: Hand axe          ||    17
Evoke: Wand              ||     4
  Use: Potion            ||     2
 Stab: Sleeping          ||     1
Armor: Leather armour    ||     9
Dodge: Dodged            ||    15

Table legend: (Time is in decaauts)
 A = Elapsed time spent in this place.
 B = Non-inter-level travel time spent in this place.
 C = Inter-level travel time spent in this place.
 D = Time resting spent in this place.
 E = Time spent auto-exploring this place.
 F = Levels seen in this place.
 G = Mean time per level.
                   A        B        C        D        E       F      G
               +--------+--------+--------+--------+--------+-----+--------+
         Total |    240 |    240 |      0 |      0 |     27 |   3 |   80.0 |
       Dungeon |    240 |    240 |      0 |      0 |     27 |   3 |   80.0 |
               +--------+--------+--------+--------+--------+-----+--------+

Top non-repeatable levels by time:
     D:3: 136 daAuts
     D:5: 96 daAuts
     D:4: 7 daAuts
